AoeStats
← JoN

Fortress

509645840Analyzed
4v4 RM · 4d ago on Sep 27, 2026· 42m 4s· 8 players
Game mode
Random Map
Map size
Huge
Population
200
Speed
Normal
Resources
Standard
Victory
Conquest
Starting age
Dark Age
Ending age
Imperial Age
RankedLock teamsTeams togetherTeam positionsShared explorationLock speedFull tech treeHidden civsTurbo modeCheats
Victory
Defeat
🇹🇼 Ethiopians · Taiwan
1329
+14
🇹🇼 Danes · Taiwan
1197
+19
🇹🇼 Saxons · Taiwan
1187
+20
🇹🇼 Muisca · Taiwan
1171
+20
🇦🇷 Mongols · Argentina
1293
-19
🇨🇳 Varangians · China
1290
-19
🇨🇳 Japanese · China
1261
-18
🇫🇷 Mongols · France
1233
-17
1722767622
7:50 Feudal Age
8:32 Loom
9:16 Double-Bit Axe
9:36 Horse Collar
12:28 Castle Age
13:37 Wheelbarrow
14:28 Bow Saw
15:47 Stone Mining
15:51 Gold Mining
21:58 Hand Cart
23:24 Town Watch
27:45 Imperial Age
27:43 Ballistics
27:56 Scale Mail Armor
28:07 Forging
27:48 Fletching
29:00 Gold Shaft Mining
28:36 Thumb Ring
27:53 Heavy Cavalry Archer
28:53 Padded Archer Armor
30:11 Two-Man Saw
29:46 Conscription
30:03 Chain Mail Armor
29:44 Bodkin Arrow
30:24 Parthian Tactics
31:17 Bloodlines
32:19 Chemistry
31:29 Bracer
31:44 Leather Archer Armor
33:58 Guard Tower
33:54 Arrowslits
34:14 Yasama
35:41 Keep
35:41 Kataparuto
36:04 Treadmill Crane
36:31 Siege Engineers
36:54 Elite Skirmisher
choripan con chimi
7:31 Feudal Age
9:07 Double-Bit Axe
11:56 Castle Age
11:35 Fletching
11:34 Horse Collar
12:03 Padded Archer Armor
13:05 Gold Mining
15:17 Bow Saw
16:02 Bloodlines
18:00 Bodkin Arrow
20:54 Wheelbarrow
20:38 Leather Archer Armor
21:57 Ballistics
30:27 Imperial Age
30:24 Husbandry
31:21 Elite Mangudai
Noroad
8:26 Feudal Age
9:26 Double-Bit Axe
9:22 Horse Collar
12:24 Castle Age
13:37 Bow Saw
15:17 Heavy Plow
16:16 Loom
18:04 Wheelbarrow
19:44 Gold Mining
20:48 Stone Mining
22:21 Hand Cart
22:55 Town Watch
24:05 Scale Mail Armor
27:42 Imperial Age
25:42 Squires
25:58 Chain Mail Armor
25:47 Arson
25:49 Gambesons
27:20 Forging
28:16 Gothikon
29:17 Conscription
29:39 Plate Mail Armor
31:18 Stone Shaft Mining
30:21 Elite Varangian Guard
33:11 Two-Man Saw
32:24 Guilds
39:06 Fletching
39:54 Iron Casting
39:13 Fletching
42:49 Blast Furnace
JoN
7:20 Feudal Age
11:10 Castle Age
9:26 Double-Bit Axe
9:36 Horse Collar
13:00 Bow Saw
14:58 Heavy Plow
18:55 Wheelbarrow
18:05 Loom
19:27 Gold Mining
19:28 Stone Mining
24:26 Imperial Age
22:23 Fletching
23:20 Hand Cart
22:52 Town Watch
23:43 Stone Mining
24:22 Thumb Ring
24:30 Husbandry
25:23 Stone Shaft Mining
25:24 Gold Shaft Mining
25:36 Gold Shaft Mining
25:17 Padded Archer Armor
26:02 Conscription
25:40 Bodkin Arrow
26:00 Bloodlines
27:15 Elite Mangudai
28:39 Parthian Tactics
29:11 Ballistics
28:52 Murder Holes
30:02 Chemistry
29:10 Caravan
30:28 Bracer
30:44 Leather Archer Armor
30:23 Light Cavalry
30:26 Elite Steppe Lancer
31:26 Scale Barding Armor
32:35 Forging
31:49 Hussar
34:26 Chain Barding Armor
35:02 Iron Casting
段水流大師兄
8:39 Feudal Age
12:32 Castle Age
10:37 Double-Bit Axe
11:42 Horse Collar
11:56 Gold Mining
12:03 Stone Mining
14:01 Heavy Plow
17:45 Wheelbarrow
17:28 Bow Saw
17:57 Stone Shaft Mining
18:33 Gold Shaft Mining
19:53 Fletching
25:04 Bodkin Arrow
27:57 Ballistics
28:03 Padded Archer Armor
28:55 Loom
29:25 Hand Cart
31:48 Imperial Age
29:06 Loom
30:03 Leather Archer Armor
30:41 Elite Skirmisher
32:44 Bracer
34:28 Elite Guecha Warrior
34:35 Capped Ram
36:08 Scale Mail Armor
36:18 Forging
37:04 Hand Cart
38:32 Chain Mail Armor
38:53 Iron Casting
39:37 Two-Man Saw
39:10 Crop Rotation
39:42 Squires
39:06 Champi Runner
alucard4566
7:17 Feudal Age
11:03 Castle Age
9:16 Double-Bit Axe
9:14 Horse Collar
10:39 Loom
12:18 Bow Saw
14:07 Wheelbarrow
17:42 Hand Cart
19:56 Heavy Plow
22:07 Stone Mining
22:14 Gold Mining
22:59 Scale Mail Armor
24:15 Gold Shaft Mining
26:49 Imperial Age
25:16 Fortified Wall
25:48 Squires
25:35 Gambesons
25:36 Arson
28:13 Chain Mail Armor
28:08 Forging
27:21 Shield Wall
28:21 Conscription
29:37 Plate Mail Armor
28:33 Pikeman
28:54 Elite Varangian Guard
29:41 Halberdier
30:15 Elite Hearth Troop
32:25 Iron Casting
31:40 Fletching
31:34 Treadmill Crane
31:58 Man-at-Arms
35:20 Chemistry
34:41 Ballistics
34:27 Siege Engineers
38:36 Long Swordsman
39:46 Two-Handed Swordsman
40:43 Champion
cha0300775
7:17 Feudal Age
8:14 Double-Bit Axe
10:47 Castle Age
8:40 Horse Collar
12:28 Bow Saw
16:23 Wheelbarrow
16:27 Loom
20:26 Wheelbarrow
19:57 Heavy Plow
20:57 Gold Mining
23:02 Stone Mining
26:05 Imperial Age
23:34 Town Watch
23:56 Fletching
24:07 Padded Archer Armor
25:28 Stone Shaft Mining
25:29 Gold Shaft Mining
25:10 Bodkin Arrow
25:17 Scale Mail Armor
25:27 Forging
25:19 Squires
26:10 Leather Archer Armor
25:44 Arson
25:22 Crossbowman
26:30 Thumb Ring
26:02 Elite Skirmisher
27:10 Conscription
28:05 Two-Man Saw
26:47 Halberdier
27:25 Arbalester
28:30 Ballistics
28:26 Bracer
30:07 Ring Archer Armor
29:53 Chain Mail Armor
29:00 Man-at-Arms
31:04 Chemistry
29:55 Long Swordsman
31:11 Iron Casting
31:15 Plate Mail Armor
30:51 Scale Barding Armor
31:34 Siege Engineers
32:10 Two-Handed Swordsman
34:41 Husbandry
34:02 Heavy Camel Rider
34:13 Capped Ram
36:30 Siege Ram
38:37 Masonry
38:38 Fortified Wall
38:20 Heated Shot
38:12 Siege Ram
yukiro2012
7:13 Feudal Age
10:55 Castle Age
14:24 Horse Collar
24:30 Imperial Age
22:08 Loom
22:59 Wheelbarrow
22:09 Town Watch
23:23 Squires
22:43 Pikeman
23:09 Arson
24:59 Forging
24:50 Scale Mail Armor
25:41 Halberdier
28:19 Iron Casting
27:59 Chain Mail Armor
28:21 Elite Varangian Guard
31:30 Conscription
34:02 Gambesons
34:42 Heavy Plow
40:05 Double-Bit Axe
40:09 Heavy Scorpion
40:29 Onager
42:20 Plate Mail Armor
Connection lost

Rejoining the realm…

Still unreachable

The connection could not be restored.

Session expired

The server has moved on; the page needs a fresh start.